 Dungeon Crawl Stone Soup version 0.32-a0-599-gba8f9cf90e (webtiles) character file.

Game seed: 11738857873783178521

140 gimp the Digger (level 5, 0/42 HPs)
             Began as a Naga Earth Elementalist on Mar 3, 2024.
             Was an Initiate of Vehumet.
             Killed from afar by an orc wizard (9 damage)
             ... with a puff of flame
             ... on level 3 of the Dungeon.
             The game lasted 00:03:22 (2319 turns).

gimp the Digger (Naga Earth Elementalist)           Turns: 2319, Time: 00:03:23

Health: 0/42       AC:  2    Str: 11    XL:     5   Next: 22%
Magic:  14/18      EV:  9    Int: 17    God:    Vehumet [......]
Gold:   133        SH:  0    Dex: 11    Spells: 6/10 levels left

rFire   . . .        a - +0 dagger
rCold   . . .        (no shield)
rNeg    . . .        d - +0 robe
rPois   +            (no helmet)
rElec   .            (no cloak)
rCorr   .            (no gloves)
SInv    +            (no barding)
Will    .....        (no amulet)
Stlth   ++           l - ring of magical power
HPRegen 0.27/turn    (no ring)
MPRegen 0.16/turn

%: no passive effects
@: very slow
A: AC +1, large, see invisible, deformed body, poison resistance, slowness 2,
spit poison 1, naga tail 1
a: Spit Poison, Renounce Religion


You were on level 3 of the Dungeon.
You worshipped Vehumet.
Vehumet was noncommittal.
You visited 1 branch of the dungeon, and saw 3 of its levels.

You collected 133 gold pieces.

Inventory:

Hand Weapons
 a - a +0 dagger (weapon)
Armour
 c - a scarf of harm
 d - a +0 robe (worn)
Jewellery
 l - a ring of magical power (left hand)
Scrolls
 f - 2 scrolls of fog {unknown}
 k - a scroll of teleportation {unknown}
Potions
 b - a potion of magic
 e - a potion of haste {unknown}
 g - a potion of enlightenment {unknown}
 i - 2 potions of mutation {unknown}
 j - a potion of might {unknown}


   Skills:
 - Level 1.5 Dodging
 - Level 3.0 Stealth
 + Level 3.2 Spellcasting
 + Level 2.8 Conjurations
 + Level 4.0 Earth Magic


You had 6 spell levels left.
You knew the following spells:

 Your Spells              Type           Power      Damage    Failure   Level
a - Sandblast             Erth           32%        2d9       3%          1
b - Stone Arrow           Conj/Erth      28%        3d8       12%         3

Your spell library contained the following spells:

 Spells                   Type           Power      Damage    Failure   Level
 Passwall                 Erth           16%        N/A       10%         3
 Brom's Barrelling Bould  Conj/Erth      14%        2d4       38%         4
 Petrify                  Alch/Erth      9%         N/A       58%         4


Dungeon Overview and Level Annotations

Branches:
Dungeon (3/15)

Altars:
Nemelex Xobeh
Sif Muna
Trog
Vehumet
Xom

Shops:
D:1 :   D:2 [[:


Innate Abilities, Weirdness & Mutations

Your serpentine skin is tough. (AC +1)
You have supernaturally acute eyesight. (SInv)
Armour fits poorly on your strangely shaped body.
Your system is resistant to poisons. (rPois)
You cover ground very slowly.
You can spit poison.
You have a snake-like lower body.


Message History

The orc is moderately wounded.
The orc hits you with a +0 hand axe.
The orc wizard points at you and mumbles some strange words.
You resist with some effort. The orc hits you with a +0 hand axe.
You take 6 damage, and have 30/42 hp.
You now have 17/18 mp.
The orc barely misses you.
Casting: Sandblast (safe; 3% risk of failure)
Confirm with . or Enter, or press ? or * to list all spells.
Aiming: Sandblast (safe; 3% risk of failure)
Press: ? - help, Shift-Dir - straight line, f/p - orc
Aim: an orc, wielding a +0 hand axe (moderately wounded, 82% to hit)
The blast of sand hits the orc.
The orc is heavily wounded.
You have got your breath back.
The orc wizard points at you and mumbles some strange words.
You are confused.
The orc completely misses you.
You now have 16/18 mp.
You hit the orc but do no damage.
The orc is heavily wounded.
The orc wizard gestures at you while chanting.
The puff of flame misses the orc wizard.
The puff of flame hits you! The orc wizard completely misses you.
The orc hits you with a +0 hand axe.
You take 15 damage, and have 16/42 hp.
MASSIVE DAMAGE!!
It was a potion of curing.
You feel better.
The orc wizard hits you with a +0 dagger.
The orc hits you with a +0 hand axe.
You regained 8 hp, and now have 24/42 hp.
The orc wizard attacks as it pursues you!
The orc wizard hits you with a +0 dagger.
You take 2 damage, and have 22/42 hp.
Casting: Sandblast (safe; 3% risk of failure)
Confirm with . or Enter, or press ? or * to list all spells.
Aiming: Sandblast (safe; 3% risk of failure)
Press: ? - help, Shift-Dir - straight line, f/p - orc
Aim: an orc, wielding a +0 hand axe (heavily wounded, 82% to hit)
The blast of sand hits the orc wizard but does no damage.
The orc wizard hits you with a +0 dagger.
You take 2 damage, and have 20/42 hp.
You now have 16/18 mp.
Casting: Sandblast (safe; 3% risk of failure)
Confirm with . or Enter, or press ? or * to list all spells.
Aiming: Sandblast (safe; 3% risk of failure)
Press: ? - help, Shift-Dir - straight line, f/p - orc
Aim: an orc, wielding a +0 hand axe (heavily wounded, 82% to hit)
The blast of sand hits the orc!
You kill the orc!
Vehumet accepts your kill.
The orc wizard hits you with a +0 dagger.
The orc wizard barely misses you.
You take 1 damage, and have 19/42 hp.
You now have 15/18 mp.
Casting: Sandblast (safe; 3% risk of failure)
Confirm with . or Enter, or press ? or * to list all spells.
Aiming: Sandblast (safe; 3% risk of failure)
Press: ? - help, Shift-Dir - straight line, f - orc wizard
Aim: an orc wizard, wielding a +0 dagger and wearing a +0 robe (slightly transparent, 77% to hit)
The blast of sand misses the orc wizard.
The orc wizard points at you and mumbles some strange words.
You resist with some effort.
The orc wizard hits you with a +0 dagger.
The orc wizard barely misses you.
You take 2 damage, and have 17/42 hp.
Aiming: Spit Poison (1% risk of failure)
Press: ? - help, Shift-Dir - straight line, f/p - orc wizard
Aim: an orc wizard, wielding a +0 dagger and wearing a +0 robe (slightly transparent, 50% to hit)
The splash of poison hits the orc wizard.
The orc wizard is poisoned.
The orc wizard is lightly wounded.
The orc wizard hits you with a +0 dagger.
You take 1 damage, and have 16/42 hp.
Casting: Sandblast (safe; 3% risk of failure)
Confirm with . or Enter, or press ? or * to list all spells.
Aiming: Sandblast (safe; 3% risk of failure)
Press: ? - help, Shift-Dir - straight line, f/p - orc wizard
Aim: an orc wizard, wielding a +0 dagger and wearing a +0 robe (lightly wounded, slightly transparent, poisoned, 77% to hit)
The blast of sand hits the orc wizard!
The orc wizard is heavily wounded.
The orc barely misses you.
The orc wizard hits you with a +0 dagger.
* * * LOW HITPOINT WARNING * * *
You take 4 damage, and have 12/42 hp.
You now have 14/18 mp.
Casting: Sandblast (safe; 3% risk of failure)
Confirm with . or Enter, or press ? or * to list all spells.
Aiming: Sandblast (safe; 3% risk of failure)
Press: ? - help, Shift-Dir - straight line, f/p - orc wizard
Aim: an orc wizard, wielding a +0 dagger and wearing a +0 robe (heavily wounded, slightly transparent, poisoned, 77% to hit)
The blast of sand misses the orc wizard.
The orc wizard hits you but does no damage.
The orc wizard closely misses you.
The orc wizard hits you with a +0 dagger.
* * * LOW HITPOINT WARNING * * *
You take 1 damage, and have 11/42 hp.
You feel better.
You have got your breath back.
The orc wizard gestures at you while chanting.
The magic dart hits you!
* * * LOW HITPOINT WARNING * * *
The orc wizard casts a spell at you. The puff of flame hits you!
You die...

##.##.# .....#
.......## .....#
........##.....##
.................
.......##.####..
....... #..###
....... ##.)o#
.......
###o#########
#######
#o@#......##
##.....⌠...##
##......_..# #.#
########....# #.#
##.....###.⌠.#
#.#
##...⌠...#....#
#.#
#.._..._..._..#
#.#
#....#...⌠...##
#.#
#.⌠.###.....##
#.#


You could see 2 orc wizards and an orc.

Vanquished Creatures
  A scorpion (D:3)
  An adder (D:2)
  A ribbon worm (D:2)
  3 dart slugs
  An orc (D:3)
  6 endoplasms
  2 giant cockroaches
  6 goblins
  5 hobgoblins
  6 jackals (D:2)
  4 kobolds (D:1)
  3 quokkas (D:1)
  3 ball pythons
  3 bats (D:1)
  5 frilled lizards
  5 rats
55 creatures vanquished.

Notes
Turn   | Place    | Note
-------+----------+-------------------------------------------
     0 | D:1      | gimp the Naga Earth Elementalist began the quest for the
                  | Orb.
     0 | D:1      | Reached XP level 1. HP: 15/15 MP: 3/3
    87 | D:1      | Reached XP level 2. HP: 22/22 MP: 3/5
   445 | D:1      | Reached XP level 3. HP: 28/28 MP: 4/6
   449 | D:1      | Learned a level 3 spell: Stone Arrow
   524 | D:1      | Found Upnex's Book Emporium.
  1113 | D:2      | Found Vimoyhah's Antique Armour Shop.
  1120 | D:2      | Found a radiant altar of Vehumet.
  1131 | D:2      | Became a worshipper of Vehumet
  1221 | D:2      | Reached XP level 4. HP: 34/36 MP: 5/8
  1338 | D:2      | Found Giluu's Antique Armour Shop.
  1693 | D:2      | Found Noqojyoc's Book Shoppe.
  2004 | D:3      | Found a faded altar of an unknown god.
  2159 | D:3      | Found a bloodstained altar of Trog.
  2166 | D:3      | Found a shimmering blue altar of Sif Muna.
  2169 | D:3      | Found a shimmering altar of Xom.
  2169 | D:3      | Found a sparkling altar of Nemelex Xobeh.
  2176 | D:3      | Found a radiant altar of Vehumet.
  2193 | D:3      | Noticed a scorpion
  2201 | D:3      | Killed a scorpion
  2202 | D:3      | Reached skill level 4 in Earth Magic
  2202 | D:3      | Reached XP level 5. HP: 17/42 MP: 9/9
  2319 | D:3      | Killed from afar by an orc wizard

Illustrated notes

Levels and vault maps discovered:
D:1:      tarquinn_simple_flora_water_f, layout_basic, serial_shops, shop,
          serial_bayou, serial_bayou_shore_b, serial_bayou_pond_e,
          serial_bayou_lagoon_b, serial_bayou_pond_d
D:2:      layout_basic, basic_altar, serial_shops, shop,
          nicolae_shop_hallway_stairs, shop
D:3:      layout_basic, nicolae_overflow_hallway_of_the_gods,
          nicolae_ecumenical_pavilion, kennysheep_jessica_study

Skill      XL: |  1  2  3  4 |
---------------+-------------+-----
Conjurations   | 2 |  2.8
Spellcasting   | 3 |  3.2
Earth Magic    | 4 |  4.0
Dodging        | |  1.5
Stealth        | |  3.0

Action                     |  1- 3 |  4- 6 || total
---------------------------+-------+-------++-------
  Melee: Dagger            |       |     1 ||     1
   Cast: Sandblast         |    45 |    33 ||    78
Ability: Spit Poison       |    10 |     3 ||    13
    Use: Potion            |       |     2 ||     2
 Armour: Robe              |    12 |    36 ||    48
  Dodge: Dodged            |     9 |    16 ||    25

Table legend: (Time is in decaauts)
 A = Elapsed time spent in this place.
 B = Non-inter-level travel time spent in this place.
 C = Inter-level travel time spent in this place.
 D = Time resting spent in this place.
 E = Time spent auto-exploring this place.
 F = Levels seen in this place.
 G = Mean time per level.
                   A        B        C        D        E       F      G
               +--------+--------+--------+--------+--------+-----+--------+
         Total |   2937 |   2865 |     72 |      0 |   2505 |   3 |  979.0 |
       Dungeon |   2937 |   2865 |     72 |      0 |   2505 |   3 |  979.0 |
               +--------+--------+--------+--------+--------+-----+--------+

Top non-repeatable levels by time:
     D:2: 1414 daAuts
     D:1: 1151 daAuts
     D:3: 371 daAuts
